 Seeded DCSS version 0.29.1-1-gd02db6906a (webtiles) character file.

Game seed: 2459909534916825261 (custom seed)

37 GigaChad the Trooper (level 3, -1/32 HPs)
             Began as a Palentonga Fighter on Oct 3, 2022.
             Was a Follower of Kikubaaqudgha.
             Slain by a gnoll
             ... wielding a +0 whip
              (2 damage)
             ... on level 2 of the Dungeon on Oct 4, 2022.
             The game lasted 00:02:52 (1359 turns).

GigaChad the Trooper (Palentonga Fighter)           Turns: 1359, Time: 00:02:54

Health: -1/32      AC:  6    Str: 23    XL:     3   Next: 23%
Magic:  3/3        EV:  7    Int:  8    God:    Kikubaaqudgha [*.....]
Gold:   86         SH:  4    Dex:  9    Spells: 2/2 levels left

rFire   . . .      SeeInvis +   a - +0 long sword
rCold   . . .      Faith    .   c - +0 buckler
rNeg    . . .      Spirit   .   b - +0 scale mail
rPois   .          Reflect  .   (no helmet)
rElec   .          Harm     .   (no cloak)
rCorr   .          Rampage  .   (no gloves)
Will    .....                   (no barding)
Stlth   ..........              (no amulet)
HPRegen 0.10/turn               (no ring)
MPRegen 0.08/turn               (no ring)

@: no status effects
A: large, rugged brown scales 3, see invisible, deformed body, roll 1, armoured
tail
a: Rolling Charge, Renounce Religion, Unearth Wretches


You were on level 2 of the Dungeon.
You worshipped Kikubaaqudgha.
Kikubaaqudgha was aware of your devotion.
You visited 1 branch of the dungeon, and saw 2 of its levels.

You collected 86 gold pieces.

Inventory:

Hand Weapons
 a - a +0 long sword (weapon)
Armour
 b - a +0 scale mail (worn)
 c - a +0 buckler (worn)
Jewellery
 j - a +6 ring of strength
Scrolls
 g - a scroll of silence {unknown}
 i - 2 scrolls of identify {unknown}
Potions
 d - a potion of might
 e - a potion of heal wounds {unknown}
 f - a potion of invisibility {unknown}
 h - 2 potions of curing {unknown}
 k - a potion of magic {unknown}


   Skills:
 + Level 4.0 Fighting
 - Level 2.1 Long Blades
 - Level 2.6 Armour
 - Level 2.8 Shields


You had 2 spell levels left.
You didn't know any spells.
Your spell library contained the following spells:

 Spells                   Type           Power      Damage    Failure   Level
 Necrotise                Necr           0%         1d4       80%         1
 Sublimation of Blood     Necr           0%         N/A       90%         2
 Ozocubu's Armour         Ice            0%         N/A       99%         3
 Vampiric Draining        Necr           0%         2d6       99%         3
 Anguish                  Hex/Necr       0%         N/A       100%        4
 Ozocubu's Refrigeration  Ice            0%         4d7       100%        7


Dungeon Overview and Level Annotations

Branches:
Dungeon (2/15)

Altars:
Kikubaaqudgha


Innate Abilities, Weirdness & Mutations

You are completely covered in rugged brown scales. (AC +3, +7% HP)
You have supernaturally acute eyesight. (SInv)
Armour fits poorly on your strangely shaped body.
You can roll at nearby foes to attack.
You have a long armoured tail.


Message History

The gnoll barely misses you.
A gnoll comes into view. It is wielding a +0 flail.
The gnoll shouts!
You hit the gnoll. You tail-slap the gnoll!
The gnoll is severely wounded.
The gnoll closely misses you.
You barely miss the gnoll. You tail-slap the gnoll.
The gnoll is almost dead.
You block the gnoll's attack. The gnoll hits you with a +0 whip.
You barely miss the gnoll. You tail-slap the gnoll.
You kill the gnoll!
Kikubaaqudgha accepts your kill. The gnoll hits you with a +0 whip.
The gnoll barely misses you. The gnoll hits you with a +0 whip.
Your Fighting skill increases to level 4!
You have reached level 3!
Your experience leads to an increase in your attributes!
Increase (S)trength, (I)ntelligence, or (D)exterity?
You feel stronger. x2
The gnoll attacks as you move away! The gnoll closely misses you.
You closely miss the gnoll.
A goblin comes into view. It is wielding a +0 dagger.
You hit the gnoll.
The gnoll is lightly wounded.
The gnoll hits you with a +0 whip. The gnoll hits you but does no damage.
You hit the gnoll.
The gnoll is heavily wounded.
The gnoll hits you with a +0 whip. The gnoll barely misses you.
The gnoll hits you but does no damage. The gnoll closely misses you.
You hit the gnoll but do no damage.
The gnoll is heavily wounded.
The gnoll hits you with a +0 whip. x2
* * * LOW HITPOINT WARNING * * *
You hit the gnoll.
The gnoll is severely wounded.
The gnoll hits you with a +0 whip!
* * * LOW HITPOINT WARNING * * *
The gnoll hits you with a +0 whip.
You die...
Kikubaaqudgha rasps: "You have failed me!
Welcome... death!"

.#...... ...#.#.# . ...
.......#### .### ...
#......## ... ....
#..###..### #.# .....
#..####...#####.##.....
#...# ###..............
##.#.# ###..##g#.g.#...#
#..#.###.[....@gg.?.....
###.##.........#####......
..........##.[## .....
..........##.## ....
......#......# ..<
#.......##..## .!
##....####..# .
##..######..#
............#


You could see 3 gnolls and a goblin.

Vanquished Creatures
  A gnoll (D:2)
  3 ball pythons (D:1)
  3 endoplasms (D:1)
  A goblin (D:1)
  2 hobgoblins (D:1)
  2 jackals (D:1)
  3 quokkas (D:1)
  A bat (D:1)
  2 frilled lizards
  3 kobolds (D:1)
  3 rats (D:1)
24 creatures vanquished.

Notes
Turn   | Place    | Note
-------+----------+-------------------------------------------
     0 | D:1      | GigaChad the Palentonga Fighter began the quest for the
                  | Orb.
     0 | D:1      | Reached XP level 1. HP: 19/19 MP: 1/1
    21 | D:1      | Found a faded altar of an unknown god.
    39 | D:1      | Prayed at the altar of an unknown god.
    39 | D:1      | Became a worshipper of Kikubaaqudgha
    39 | D:1      | Reached * piety under Kikubaaqudgha
    39 | D:1      | Received a gift from Kikubaaqudgha
   266 | D:1      | Reached XP level 2. HP: 20/25 MP: 2/2
  1354 | D:2      | Reached skill level 4 in Fighting
  1354 | D:2      | Reached XP level 3. HP: 15/32 MP: 3/3
  1359 | D:2      | HP: 1/32 [gnoll/+0 whip (7)]
  1359 | D:2      | Slain by a gnoll

Illustrated notes

Levels and vault maps discovered:
D:1:      lightli_arrival_boilingwater, layout_loops_ring,
          basic_ecumenical_altar
D:2:      minmay_diamond_boxcup, layout_rooms

Skill      XL: |  1  2 |
---------------+-------+-----
Fighting       | 4 |  4.0
Long Blades    | |  2.1
Armour         | |  2.6
Shields        | |  2.8

Action                   || total
-------------------------++-------
Melee: Long sword        ||    69
       Tailslap          ||    14
Armor: Scale mail        ||    32
Dodge: Dodged            ||    20
Block: Buckler           ||    14
